 Dungeon Crawl Stone Soup version 0.30-a0-591-g3c58d2bc28 (webtiles) character file.

Game seed: 15237983365478811155

154 Oxelix the Slasher (level 5, 0/47 HPs)
             Began as a Minotaur Berserker on Jan 6, 2023.
             Was a Believer of Trog.
             Frozen to death by an endoplasm (5 damage)
             ... on level 3 of the Dungeon.
             The game lasted 00:02:29 (2166 turns).

Oxelix the Slasher (Minotaur Berserker)             Turns: 2166, Time: 00:02:30

Health: 0/47       AC:  4    Str: 24    XL:     5   Next: 13%
Magic:  4/4        EV: 11    Int: 10    God:    Trog [**....]
Gold:   71         SH:  0    Dex:  9    Spells: 4/4 levels left

rFire   . . .      SeeInvis .    a - +0 falchion
rCold   . . .      Faith    .    (no shield)
rNeg    . . .      Spirit   .    m - +0 leather armour
rPois   .          Reflect  .    (helmet restricted)
rElec   .          Harm     .    (no cloak)
rCorr   .          Rampage  .    (no gloves)
Will    .....                    l - +0 pair of boots
Stlth   +                        (no amulet)
HPRegen 0.27/turn                i - +6 ring of intelligence
MPRegen 0.09/turn                (no ring)

@: on berserk cooldown, slowed, very slow
A: horns 2, retaliatory headbutt
a: Renounce Religion, Berserk, Trog's Hand


You were on level 3 of the Dungeon.
You worshipped Trog.
Trog was pleased with you.
You visited 1 branch of the dungeon, and saw 3 of its levels.

You collected 71 gold pieces.

Inventory:

Hand Weapons
 a - a +0 falchion (weapon)
Missiles
 j - 6 silver boomerangs (quivered)
Armour
 l - a +0 pair of boots (worn)
 m - a +0 leather armour (worn)
Jewellery
 i - a +6 ring of intelligence (left hand)
Scrolls
 c - 2 scrolls of identify {unknown}
 d - a scroll of vulnerability {unknown}
 f - a scroll of amnesia {unknown}
 g - a scroll of silence {unknown}
 h - 2 scrolls of teleportation {unknown}
 k - a scroll of immolation {unknown}
 n - a scroll of noise {unknown}
Potions
 b - a potion of berserk rage {unknown}
 e - 2 potions of curing {unknown}


   Skills:
 + Level 4.9 Fighting
 * Level 6.2 Long Blades
 - Level 2.4 Armour
 - Level 2.1 Dodging


You had 4 spell levels left.
You didn't know any spells.
Your spell library was empty.

Dungeon Overview and Level Annotations

Branches:
Dungeon (3/15)

Altars:


Innate Abilities, Weirdness & Mutations

You have a pair of horns on your head.
You reflexively headbutt those who attack you in melee.


Message History

Items here: ( ) ††.
You feel a strong urge to attack something.
The endoplasm hits you but does no damage.
You feel your anger nearly subside.
You are no longer berserk.
You are exhausted.
You feel yourself slow down. The endoplasm barely misses you.
The endoplasm freezes you.
You are frozen.
The endoplasm freezes you.
You are frozen.
* * * LOW HITPOINT WARNING * * *
You hit the endoplasm.
The endoplasm is lightly wounded.
The endoplasm hits you but does no damage. x2
The endoplasm barely misses you. x2
You barely miss the endoplasm.
The endoplasm is lightly wounded.
The endoplasm hits you but does no damage.
The endoplasm hits you.
* * * LOW HITPOINT WARNING * * *
You completely miss the endoplasm. You headbutt the endoplasm.
You kill the endoplasm!
Trog accepts your kill. The endoplasm closely misses you.
The endoplasm freezes you.
You are frozen.
* * * LOW HITPOINT WARNING * * *
The endoplasm freezes you.
You are frozen.
* * * LOW HITPOINT WARNING * * *
The endoplasm closely misses you. The endoplasm hits you.
* * * LOW HITPOINT WARNING * * *
The endoplasm closely misses you.
An endoplasm is nearby!
You hit the endoplasm.
The endoplasm is moderately wounded.
The endoplasm freezes you.
You are frozen.
You die...

# [..#.#.... ##.
#..#......
...####..#......
..).............
.[............
...........#
.......†<..#
........)J.#
..........@#
###........#
##########


You could see an endoplasm.

Vanquished Creatures
  Crazy Yiuf (D:2)
  4 gnolls (D:2)
  An adder (D:2)
  A worm (D:2)
  3 dart slugs
  8 ball pythons
  8 endoplasms
  3 giant cockroaches
  2 goblins (D:2)
  8 hobgoblins
  7 jackals
  6 kobolds
  2 quokkas
  5 bats (D:1)
  2 frilled lizards
  2 rats (D:1)
63 creatures vanquished.

Vanquished Creatures (others)
  2 fungi (D:1)
2 creatures vanquished.

Grand Total: 65 creatures vanquished

Notes
Turn   | Place    | Note
-------+----------+-------------------------------------------
     0 | D:1      | Oxelix the Minotaur Berserker began the quest for the Orb.
     0 | D:1      | Reached XP level 1. HP: 19/19 MP: 0/0
    39 | D:1      | Reached skill level 4 in Long Blades
    61 | D:1      | Reached XP level 2. HP: 26/27 MP: 1/1
   204 | D:1      | Reached XP level 3. HP: 32/33 MP: 2/2
   273 | D:1      | Found a faded altar of an unknown god.
   283 | D:1      | Reached ** piety under Trog
   932 | D:2      | Reached skill level 5 in Long Blades
  1309 | D:2      | Reached XP level 4. HP: 36/41 MP: 3/3
  1881 | D:2      | Found a runed translucent door.
  1882 | D:2      | Noticed Crazy Yiuf
  1935 | D:2      | Killed Crazy Yiuf
  1936 | D:2      | Reached skill level 6 in Long Blades
  1936 | D:2      | Reached XP level 5. HP: 26/47 MP: 4/4
  2166 | D:3      | Frozen to death by an endoplasm

Illustrated notes

Levels and vault maps discovered:
D:1:      dpeg_arrival_stonehenge_8_columns, layout_basic,
          shapermc_ecumenical_altar_ellora
D:2:      layout_loops_corners, minmay_stone_trees_medium,
          kennysheep_generic_room_14, uniq_crazy_yiuf_cottage
D:3:      layout_basic

Skill      XL: |  1  2  3  4 |
---------------+-------------+-----
Long Blades    | 4 5 6 |  6.2
Fighting       | 4 |  4.9
Armour         | |  2.4
Dodging        | |  2.1

Action                   |  1- 3 |  4- 6 || total
-------------------------+-------+-------++-------
Melee: Falchion          |    93 |    38 ||   131
       Headbutt          |    19 |     8 ||    27
       Punch             |     1 |       ||     1
Invok: Berserk           |     2 |     2 ||     4
 Stab: Sleeping          |     1 |       ||     1
Armor: Animal skin       |    15 |     1 ||    16
       Leather armour    |       |    11 ||    11
Dodge: Dodged            |    62 |    28 ||    90

Table legend: (Time is in decaauts)
 A = Elapsed time spent in this place.
 B = Non-inter-level travel time spent in this place.
 C = Inter-level travel time spent in this place.
 D = Time resting spent in this place.
 E = Time spent auto-exploring this place.
 F = Levels seen in this place.
 G = Mean time per level.
                   A        B        C        D        E       F      G
               +--------+--------+--------+--------+--------+-----+--------+
         Total |   2204 |   2060 |    144 |    258 |   1386 |   3 |  734.7 |
       Dungeon |   2204 |   2060 |    144 |    258 |   1386 |   3 |  734.7 |
               +--------+--------+--------+--------+--------+-----+--------+

Top non-repeatable levels by time:
     D:2: 1232 daAuts
     D:1: 944 daAuts
     D:3: 27 daAuts
